[Event "Titled Tuesday Blitz July 11 Early 2023"]
[White "Avalos Parra, Joao"]
[Black "Lohani, Sujana"]
[WhiteFideId "3402541"]
[BlackFideId "12311987"]
[WhiteElo "2337"]
[BlackElo "1925"]
[Result "1-0"]
[Round "3"]
[TimeControl "180+2"]
[Date "2023.07.11"]
[WhiteClock "0:01:25"]
[BlackClock "0:00:04"]
[Board "221"]

1. d4 Nf6 2. c4 g6 3. Nc3 Bg7 4. e4 d6 5. Be2 O-O 6. Be3 e5 7. d5 a5 8. h4 h5 9. Nh3 Na6 10. Ng5 b6 11. f3 Nc5 12. Qc2 a4 13. Rg1 a3 14. b4 Ncd7 15. Rc1 Nh7 16. g4 hxg4 17. fxg4 Ndf6 18. Nxh7 Nxh7 19. h5 Qh4+ 20. Bf2 Qg5 21. Nd1 Nf6 22. Be3 Qh4+ 23. Nf2 Qh2 24. Rh1 Qg3 25. Rh3 Qg1+ 26. Kd2 Qg2 27. Bf1 Qxh3 28. Bxh3 gxh5 29. gxh5 Bxh3 30. Nxh3 Kh7 31. Rf1 Nxh5 32. Qd1 Nf6 33. Ng5+ Kg6 34. Rxf6+ Kxf6 35. Nh7+ Ke7 36. Nxf8 Rxf8 37. Qg4 Bf6 38. c5 Rh8 39. cxd6+ cxd6 40. Qc8 Rh2+ 41. Kd3 Rxa2 42. Bxb6 1-0


[Site "https://www.chess.com"]

[Event "Titled Tuesday Blitz July 11 Early 2023"]
[White "Levine, David"]
[Black "Rosenberg, Evan S"]
[WhiteFideId "2011611"]
[BlackFideId "2019299"]
[WhiteElo "2009"]
[BlackElo "2333"]
[Result "1-0"]
[Round "3"]
[TimeControl "180+2"]
[Date "2023.07.11"]
[WhiteClock "0:00:39"]
[BlackClock "0:00:21"]
[Board "222"]

1. d4 d5 2. c4 e6 3. g3 c5 4. cxd5 Qxd5 5. Nf3 cxd4 6. Qxd4 Nf6 7. Nc3 Qxd4 8. Nxd4 Bc5 9. Ndb5 Na6 10. Bg2 O-O 11. O-O Rb8 12. a3 e5 13. b4 Bb6 14. Bb2 Bd7 15. Rfd1 Rfc8 16. Nd6 Rc7 17. Rac1 h5 18. h3 Bc6 19. Ncb5 Bxb5 20. Nxb5 Rxc1 21. Rxc1 Kf8 22. Bxe5 Re8 23. Bxf6 gxf6 24. Bxb7 Nb8 25. e3 h4 26. gxh4 Re5 27. Nd4 Nd7 28. Bc6 Ke7 29. Bxd7 Kxd7 30. Rc4 Re4 31. h5 Rh4 32. Kg2 Rxh5 33. a4 Rg5+ 34. Kf3 Rg1 35. a5 Bc7 36. Nb5 Bb8 37. h4 Rh1 38. Kg2 Rb1 39. h5 f5 40. h6 a6 41. h7 Be5 42. Na7 Ke6 43. Nc6 Bf6 44. Nb8 Rd1 45. Nxa6 Rd8 46. b5 Kd5 47. Rc7 Ke4 48. Rxf7 Rg8+ 1-0


[Site "https://www.chess.com"]

[Event "Titled Tuesday Blitz July 11 Early 2023"]
[White "Skiadopoulos, Nikolaos"]
[Black "Blokhin, Sofia"]
[WhiteFideId "4200772"]
[BlackFideId "4508190"]
[WhiteElo "1913"]
[BlackElo "2325"]
[Result "1-0"]
[Round "3"]
[TimeControl "180+2"]
[Date "2023.07.11"]
[WhiteClock "0:00:22"]
[BlackClock "0:00:05"]
[Board "223"]

1. e4 c5 2. Nf3 e6 3. c3 d5 4. exd5 exd5 5. d4 Nf6 6. Bd3 Nc6 7. O-O Be7 8. h3 O-O 9. dxc5 Bxc5 10. b4 Bd6 11. b5 Ne7 12. a4 Ng6 13. Ba3 a6 14. Bxd6 Qxd6 15. bxa6 bxa6 16. Nbd2 Nf4 17. Nb3 Rb8 18. Nbd4 g6 19. Re1 Qd7 20. Bf1 Ne4 21. Qc1 Qc7 22. c4 Nf6 23. cxd5 Qxc1 24. Raxc1 N6xd5 25. Rc6 a5 26. Rc5 Nb4 27. Rxa5 Bd7 28. Ra7 Rfd8 29. Re7 Be8 30. Bb5 Bxb5 31. axb5 Rf8 32. Ne5 Rbd8 33. Ndc6 Rd1+ 34. Kh2 Nbd3 35. Nxf7 Kg7 36. Nfe5+ Kf6 37. Ng4+ Kg5 38. Ne3 Rd2 39. Rxh7 Rxf2 40. h4+ Kf6 41. Ng4+ Kf5 42. Nxf2 Nxf2 43. Raf7+ Rxf7 44. Rxf7+ Ke4 45. Rxf4+ Kxf4 46. b6 Ne4 47. b7 1-0


[Site "https://www.chess.com"]

[Event "Titled Tuesday Blitz July 11 Early 2023"]
[White "Tosic, Srecko"]
[Black "Castillo Pena, Patricia Evarista"]
[WhiteFideId "924563"]
[BlackFideId "6412106"]
[WhiteElo "2319"]
[BlackElo "1834"]
[Result "1-0"]
[Round "3"]
[TimeControl "180+2"]
[Date "2023.07.11"]
[WhiteClock "0:00:13"]
[BlackClock "0:00:03"]
[Board "224"]

1. e4 c5 2. Nf3 d6 3. d4 cxd4 4. Nxd4 Nf6 5. Nc3 a6 6. g3 e5 7. Nde2 Be7 8. Bg2 Be6 9. O-O O-O 10. h3 Nc6 11. g4 Rc8 12. Ng3 Nd4 13. Be3 d5 14. exd5 Nxd5 15. Nxd5 Bxd5 16. c3 Bxg2 17. Kxg2 Ne6 18. Nf5 Bf6 19. Qxd8 Rfxd8 20. Rfd1 g6 21. Nd6 Rb8 22. Bb6 Rd7 23. Ne4 Rxd1 24. Rxd1 Nf4+ 25. Kh2 Bh4 26. Rd7 Kg7 27. g5 Ne6 28. Be3 Rd8 29. Rxd8 Nxd8 30. Nd6 f5 31. gxf6+ Bxf6 32. Bb6 Ne6 33. Nxb7 Nf4 34. Be3 Nd3 35. b3 g5 36. Nc5 Nxc5 37. Bxc5 Kg6 38. Kg2 Kf5 39. f3 Ke6 40. Kf2 h5 41. Ke3 h4 42. Ke4 Bd8 43. c4 Ba5 44. b4 Bd8 45. a4 Bc7 46. b5 axb5 47. cxb5 Kd7 48. b6 Bb8 49. a5 Kc6 50. a6 Kxc5 51. a7 1-0


[Site "https://www.chess.com"]

[Event "Titled Tuesday Blitz July 11 Early 2023"]
[White "Nakamura, Hikaru"]
[Black "Remizov, Yaroslav"]
[WhiteFideId "2016192"]
[BlackFideId "34134015"]
[WhiteElo "3227"]
[BlackElo "2773"]
[Result "1-0"]
[Round "4"]
[TimeControl "180+2"]
[Date "2023.07.11"]
[WhiteClock "0:00:46"]
[BlackClock "0:00:00"]
[Board "1"]

1. a3 e5 2. c4 g6 3. b4 Bg7 4. Bb2 Ne7 5. g3 O-O 6. Bg2 d5 7. cxd5 Nxd5 8. Nc3 Be6 9. Rc1 Nxc3 10. Bxc3 Bd5 11. Nf3 e4 12. Nd4 e3 13. f3 exd2+ 14. Qxd2 Nc6 15. Nb5 Bxc3 16. Rxc3 a6 17. Nd4 Nxd4 18. Qxd4 Bc6 19. Qf4 Re8 20. Kf2 Qe7 21. e4 Rad8 22. Rhc1 Qd6 23. Qxd6 Rxd6 24. R1c2 Red8 25. Bf1 Rd2+ 26. Ke3 Rxc2 27. Rxc2 Rd7 28. Rc5 Rd1 29. Bxa6 Ra1 30. Bc4 Rxa3+ 31. Kf4 Kg7 32. b5 1-0


[Site "https://www.chess.com"]

[Event "Titled Tuesday Blitz July 11 Early 2023"]
[White "Gorovets, Andrey"]
[Black "Erigaisi Arjun"]
[WhiteFideId "13504037"]
[BlackFideId "35009192"]
[WhiteElo "2769"]
[BlackElo "3115"]
[Result "0-1"]
[Round "4"]
[TimeControl "180+2"]
[Date "2023.07.11"]
[WhiteClock "0:00:00"]
[BlackClock "0:00:04"]
[Board "2"]

1. d4 d6 2. Nf3 g6 3. g3 Bg7 4. Bg2 Nc6 5. d5 Ne5 6. Nxe5 Bxe5 7. Nd2 h5 8. Nf3 Bg7 9. e4 Nf6 10. h3 Nxe4 11. O-O O-O 12. Re1 Nf6 13. Bg5 Re8 14. Qd2 Nh7 15. Bh6 Bxb2 16. Rab1 Bg7 17. Bxg7 Kxg7 18. Qd4+ Kg8 19. Re3 b6 20. Rbe1 e5 21. dxe6 Bxe6 22. Nh4 Qf6 23. Qxf6 Nxf6 24. Bxa8 Rxa8 25. Nxg6 Bxa2 26. Nf4 Bc4 27. Re7 Rc8 28. f3 a5 29. g4 hxg4 30. hxg4 a4 31. g5 Nd5 32. Re8+ Rxe8 33. Rxe8+ Kg7 34. Ng2 b5 35. f4 a3 36. Ra8 a2 37. f5 Nc3 38. Nf4 f6 39. Ne6+ Bxe6 40. fxe6 Na4 41. e7 a1=Q+ 42. Kg2 Qc1 43. gxf6+ Kxf6 44. e8=Q Qxc2+ 45. Kg3 Qd3+ 46. Kf2 Qd4+ 47. Kf3 Qd5+ 48. Kf2 Qf5+ 49. Kg3 Qe5+ 50. Kf3 Qxe8 51. Rxe8 Nb6 52. Ke4 c6 53. Rb8 Nd7 54. Rc8 Ne5 55. Re8 Kf7 0-1


[Site "https://www.chess.com"]

[Event "Titled Tuesday Blitz July 11 Early 2023"]
[White "Firouzja, Alireza"]
[Black "Preotu, Razvan"]
[WhiteFideId "12573981"]
[BlackFideId "2613280"]
[WhiteElo "3091"]
[BlackElo "2758"]
[Result "1-0"]
[Round "4"]
[TimeControl "180+2"]
[Date "2023.07.11"]
[WhiteClock "0:01:00"]
[BlackClock "0:00:00"]
[Board "3"]

1. d4 Nf6 2. Bg5 d5 3. e3 c5 4. Bxf6 gxf6 5. dxc5 e6 6. Nf3 Bxc5 7. Be2 Nc6 8. O-O O-O 9. Nbd2 f5 10. a3 Be7 11. c4 d4 12. exd4 Nxd4 13. Nxd4 Qxd4 14. Qc2 Bf6 15. b4 Qc3 16. Qxc3 Bxc3 17. Rad1 b6 18. Bf3 Rb8 19. Nb3 Ba6 20. b5 Bb7 21. Rd7 Bxf3 22. gxf3 Rfc8 23. Rxa7 Rxc4 24. Rc1 Rcc8 25. a4 Kg7 26. Kf1 Kf6 27. h3 Bb4 28. Rac7 Rxc7 29. Rxc7 Ra8 30. Rc4 Be7 31. Nd4 Bc5 32. Nc6 Bd6 33. Rd4 Bc5 34. Rh4 Bd6 35. Rc4 h5 36. f4 Bf8 37. a5 bxa5 38. b6 Bd6 39. b7 Ra6 40. b8=Q Bxb8 41. Nxb8 Rd6 42. Ra4 Rd1+ 43. Kg2 Rd5 44. Nc6 Rd6 45. Nxa5 Ra6 46. Ra3 h4 47. Nc4 Rc6 48. Ne5 Rc7 49. Ra4 Rb7 50. Nf3 1-0


[Site "https://www.chess.com"]

[Event "Titled Tuesday Blitz July 11 Early 2023"]
[White "Concio, Michael Jr."]
[Black "Dubov, Daniil"]
[WhiteFideId "5217873"]
[BlackFideId "24126055"]
[WhiteElo "2754"]
[BlackElo "3082"]
[Result "0-1"]
[Round "4"]
[TimeControl "180+2"]
[Date "2023.07.11"]
[WhiteClock "0:00:13"]
[BlackClock "0:01:18"]
[Board "4"]

1. e4 e5 2. Nf3 Nf6 3. Nxe5 d6 4. Nf3 Nxe4 5. d4 d5 6. Bd3 Bd6 7. c4 Bb4+ 8. Nbd2 O-O 9. O-O Bxd2 10. Bxd2 Bf5 11. Bf4 Nc6 12. c5 Bg4 13. h3 Bxf3 14. Qxf3 Nxd4 15. Qe3 Nf5 16. Qf3 Re8 17. Rfe1 Nd4 18. Qe3 Qf6 19. Bxc7 Re6 20. Bxe4 dxe4 21. Rac1 Rae8 22. Bf4 h6 23. Qg3 Qf5 24. Qg4 Qd5 25. Rcd1 Rg6 26. Qh4 Nf3+ 0-1


[Site "https://www.chess.com"]

[Event "Titled Tuesday Blitz July 11 Early 2023"]
[White "Bluebaum, Matthias"]
[Black "Bauman_Guy"]
[WhiteFideId "24651516"]
[WhiteElo "3057"]
[BlackElo "2745"]
[Result "1-0"]
[Round "4"]
[TimeControl "180+2"]
[Date "2023.07.11"]
[WhiteClock "0:00:21"]
[BlackClock "0:00:06"]
[Board "5"]

1. d4 Nf6 2. c4 e6 3. Nc3 Bb4 4. e3 O-O 5. Bd2 b6 6. Nf3 Bb7 7. Bd3 d6 8. O-O Nbd7 9. a3 Bxc3 10. Bxc3 Ne4 11. Be1 f5 12. Kh1 e5 13. d5 Ng5 14. Nxg5 Qxg5 15. f4 Qe7 16. Bc3 g6 17. b4 a5 18. Qd2 Ra7 19. bxa5 bxa5 20. Bxa5 Nc5 21. Bc2 Ba6 22. fxe5 Bxc4 23. exd6 cxd6 24. Rf4 Bb3 25. Bb6 Bxc2 26. Qxc2 Rb7 27. Bxc5 dxc5 28. e4 fxe4 29. Rxe4 Qf6 30. Rg1 Rb2 31. Qxc5 Qf2 32. Qxf2 Rfxf2 33. Rd4 Kf7 34. d6 Ke8 35. d7+ Kd8 36. h3 Rfd2 37. Rxd2 Rxd2 38. Ra1 Kxd7 39. a4 Kc6 40. a5 Kb7 41. a6+ Ka7 42. Kh2 Rd3 43. Ra5 Rb3 44. h4 Rc3 45. g3 Rb3 46. Kg2 Rc3 47. Kh3 Rc4 48. h5 Rc6 49. h6 g5 50. Kg4 Rxh6 51. Kxg5 Rg6+ 52. Kh4 Rh6+ 53. Rh5 Rg6 54. Rxh7+ Kxa6 55. g4 Kb6 56. g5 Kc5 57. Rd7 Kc6 58. Rd1 Rg8 59. Kh5 Rf8 60. g6 Rf2 61. g7 Rh2+ 62. Kg6 Rg2+ 63. Kf7 Rf2+ 64. Kg8 Rg2 65. Rh1 Kd7 66. Kh8 1-0


[Site "https://www.chess.com"]

[Event "Titled Tuesday Blitz July 11 Early 2023"]
[White "Xu, Yi"]
[Black "Narayanan.S.L"]
[WhiteFideId "8605564"]
[BlackFideId "5058422"]
[WhiteElo "2734"]
[BlackElo "3039"]
[Result "0-1"]
[Round "4"]
[TimeControl "180+2"]
[Date "2023.07.11"]
[WhiteClock "0:00:05"]
[BlackClock "0:00:23"]
[Board "6"]

1. e4 Nc6 2. Nf3 d6 3. d4 Nf6 4. Nc3 g6 5. Be2 Bg7 6. O-O O-O 7. h3 e5 8. Be3 exd4 9. Nxd4 Re8 10. Nxc6 bxc6 11. Bd3 Nd7 12. Qd2 c5 13. Bh6 Bb7 14. Bxg7 Kxg7 15. Rae1 f6 16. f4 Nb6 17. b3 Qd7 18. Kh2 Re7 19. Re3 Rae8 20. Rfe1 Qe6 21. Bb5 Rd8 22. Qf2 a6 23. Be2 Rde8 24. Bg4 Qf7 25. Qg3 Kh8 26. h4 f5 27. exf5 Rxe3 28. Rxe3 Rxe3 29. Qxe3 gxf5 30. Bf3 Bxf3 31. Qxf3 Qf6 32. g3 Qd4 33. Qe2 Qf6 34. Qe8+ Kg7 35. Kh3 c4 36. Nd1 cxb3 37. axb3 Nd5 38. c4 Qe7 39. Qh5 Nf6 40. Qg5+ Kf7 41. Qxf5 Qe1 42. Qc2 Qh1+ 43. Qh2 Qxd1 0-1


[Site "https://www.chess.com"]

[Event "Titled Tuesday Blitz July 11 Early 2023"]
[White "Schwabeneder, Florian"]
[Black "Kollars, Dmitrij"]
[WhiteFideId "1626191"]
[BlackFideId "12909572"]
[WhiteElo "2732"]
[BlackElo "3012"]
[Result "0-1"]
[Round "4"]
[TimeControl "180+2"]
[Date "2023.07.11"]
[WhiteClock "0:00:42"]
[BlackClock "0:01:59"]
[Board "7"]

1. c4 Nf6 2. Nc3 g6 3. g3 Bg7 4. Bg2 O-O 5. d3 c5 6. Rb1 Nc6 7. a3 e6 8. e4 d5 9. cxd5 exd5 10. exd5 Nd4 11. h3 Re8+ 12. Kf1 b6 13. Nf3 Bb7 14. Bg5 h6 15. Bxf6 Bxf6 16. Nxd4 Bxd4 17. Qf3 Re5 18. Qf4 Rf5 0-1


[Site "https://www.chess.com"]

[Event "Titled Tuesday Blitz July 11 Early 2023"]
[White "Nazari, Arad"]
[Black "He, Anthony"]
[WhiteFideId "12577324"]
[BlackFideId "2088215"]
[WhiteElo "2725"]
[BlackElo "2995"]
[Result "0-1"]
[Round "4"]
[TimeControl "180+2"]
[Date "2023.07.11"]
[WhiteClock "0:00:02"]
[BlackClock "0:00:08"]
[Board "8"]

1. e4 c6 2. Nf3 g6 3. d4 Bg7 4. Bd3 d5 5. e5 Nh6 6. h3 O-O 7. O-O f6 8. exf6 exf6 9. Re1 Nf7 10. b3 Nd7 11. Ba3 Re8 12. Nc3 Nf8 13. Qd2 Ne6 14. Na4 Bh6 15. Qc3 Nf4 16. Rxe8+ Qxe8 17. Re1 Be6 18. Nc5 Qc8 19. Bc1 Nxd3 20. cxd3 Bf5 21. Bxh6 Nxh6 22. Re7 b6 23. Nb7 Bd7 24. Qb4 Qf8 25. Qe1 Re8 26. Rxe8 Qxe8 27. Qc1 Nf5 28. Qf4 Qc8 29. g4 Qxb7 30. gxf5 Bxf5 31. Nh4 Bxd3 32. Qxf6 Qf7 33. Qe5 Be4 34. f4 h6 35. Ng2 Qg7 36. Qe8+ Kh7 37. Ne3 Qxd4 38. Qe7+ Qg7 39. Qd6 d4 40. Nc4 d3 41. Ne5 g5 42. Qd4 gxf4+ 43. Kf1 Qg2+ 44. Ke1 Qe2# 0-1


[Site "https://www.chess.com"]

[Event "Titled Tuesday Blitz July 11 Early 2023"]
[White "Terry, Renato"]
[Black "Wagner, Dennis"]
[WhiteFideId "3803457"]
[BlackFideId "24650684"]
[WhiteElo "2991"]
[BlackElo "2714"]
[Result "0-1"]
[Round "4"]
[TimeControl "180+2"]
[Date "2023.07.11"]
[WhiteClock "0:00:46"]
[BlackClock "0:00:06"]
[Board "9"]

1. d4 Nf6 2. Nf3 e6 3. c4 b6 4. g3 Bb7 5. Bg2 Bb4+ 6. Nbd2 O-O 7. O-O a5 8. Qc2 c5 9. dxc5 Bxc5 10. Nb3 Be4 11. Qd1 d5 12. Nxc5 bxc5 13. b3 Nc6 14. cxd5 exd5 15. Ba3 Nb4 16. Qd2 d4 17. Rac1 Qd5 18. Rc4 h6 19. Rfc1 Nd7 20. Bf1 Bxf3 21. exf3 Ne5 22. Be2 Nxc4 23. Rxc4 Rfe8 24. Bc1 Re6 25. a3 Nc6 26. Rc2 Rae8 27. Qd1 d3 28. Qxd3 Nd4 29. Bd1 Nxf3+ 30. Qxf3 Re1+ 31. Kg2 Rxd1 32. Qxd5 Rxd5 33. Be3 Rb8 34. Rc3 Rc8 35. g4 a4 36. bxa4 c4 37. Kf3 Ra5 38. Ke4 Rxa4 39. Kd5 Ra5+ 40. Kd6 Ra6+ 41. Kd5 Rac6 42. h3 R6c7 43. Bf4 Rd7+ 44. Ke4 g5 45. Be3 f6 46. a4 Kf7 47. a5 Re7+ 48. Kf3 Re6 49. Bb6 Rd6 50. Ke4 Re8+ 51. Kf3 Rd3+ 52. Rxd3 cxd3 53. a6 d2 0-1


[Site "https://www.chess.com"]

[Event "Titled Tuesday Blitz July 11 Early 2023"]
[White "Bok, Benjamin"]
[Black "Jaracz, Pawel"]
[WhiteFideId "1017063"]
[BlackFideId "1102222"]
[WhiteElo "2959"]
[BlackElo "2713"]
[Result "1-0"]
[Round "4"]
[TimeControl "180+2"]
[Date "2023.07.11"]
[WhiteClock "0:00:13"]
[BlackClock "0:00:05"]
[Board "10"]

1. d4 Nf6 2. c4 e6 3. Nc3 Bb4 4. Qc2 c5 5. dxc5 O-O 6. a3 Bxc5 7. Nf3 b6 8. Bf4 Bb7 9. Rd1 Nh5 10. Bc1 Be7 11. e3 d6 12. Be2 a6 13. O-O Nd7 14. b4 Rc8 15. Bb2 Nhf6 16. Qb3 Qc7 17. h3 Qb8 18. Rd2 d5 19. cxd5 Nxd5 20. Nxd5 Bxd5 21. Qd1 Qb7 22. e4 Bc6 23. Nd4 Nb8 24. Nxc6 Qxc6 25. Qa1 g6 26. Bf3 Rfd8 27. Rxd8+ Rxd8 28. Rc1 Qb5 29. Bh8 e5 30. Qxe5 Qxe5 31. Bxe5 Nd7 32. Bf4 a5 33. Bg4 axb4 34. axb4 Bxb4 35. Bc7 1-0


[Site "https://www.chess.com"]

[Event "Titled Tuesday Blitz July 11 Early 2023"]
[White "Petrosian, Karlen"]
[Black "Aravindh, Chithambaram VR."]
[WhiteFideId "4176146"]
[BlackFideId "5072786"]
[WhiteElo "2711"]
[BlackElo "2931"]
[Result "1/2-1/2"]
[Round "4"]
[TimeControl "180+2"]
[Date "2023.07.11"]
[WhiteClock "0:00:17"]
[BlackClock "0:00:09"]
[Board "11"]

1. e4 c6 2. Nf3 d5 3. d3 g6 4. c3 Bg7 5. e5 f6 6. exf6 exf6 7. d4 Nh6 8. Bd3 Qe7+ 9. Qe2 Qxe2+ 10. Kxe2 O-O 11. Re1 Re8+ 12. Kf1 Rxe1+ 13. Nxe1 Nd7 14. Nd2 Nf7 15. Ndf3 Nf8 16. h4 Bg4 17. Nh2 Bd7 18. Bf4 Ne6 19. Be3 Nd6 20. Nc2 Nc4 21. Bxc4 dxc4 22. a4 Nc7 23. Nf3 Bf8 24. Nd2 Bf5 25. Na3 b5 26. axb5 cxb5 27. Bf4 Nd5 28. Bg3 Bd7 29. Nc2 a5 30. Ne3 Bc6 31. Nxd5 Bxd5 32. f3 f5 33. Ke1 Kf7 34. Bf4 Ke6 35. Nf1 Be7 36. Bg3 a4 37. Kd2 a3 38. bxa3 Rxa3 39. Rxa3 Bxa3 40. Ne3 Be7 41. Nc2 Bb7 42. Ke3 h6 43. Ke2 g5 44. hxg5 hxg5 45. Be5 f4 46. g3 fxg3 47. Bxg3 Bf6 48. Bc7 Bd5 49. Bb8 Bb7 50. Bc7 Bc6 51. Bb8 Be8 52. Bc7 Bg6 53. Na3 Bd3+ 54. Kd2 b4 55. cxb4 Bxd4 56. Nb5 Bf6 57. Nc3 Kd7 58. Bg3 Bf5 59. Bf2 Bd8 60. Be3 Be6 61. Ne4 g4 62. fxg4 Bxg4 63. Kc3 Be2 64. Nd2 Kc6 65. Nxc4 Bxc4 66. Kxc4 Kb7 67. b5 Bc7 68. Bc5 Bb6 69. Kd5 Bxc5 70. Kxc5 Kc7 71. b6+ Kb7 72. Kb5 Kb8 73. Kc6 Kc8 74. Kd6 Kb7 75. Kc5 Kb8 76. Kb4 Kb7 77. Kb5 Kb8 78. Kc5 Kb7 79. Kd6 Kxb6 1/2-1/2


[Site "https://www.chess.com"]

[Event "Titled Tuesday Blitz July 11 Early 2023"]
[White "Narayanan, Srinath"]
[Black "Timerkhanov, Alexander"]
[WhiteFideId "5018420"]
[BlackFideId "24177938"]
[WhiteElo "2930"]
[BlackElo "2704"]
[Result "1/2-1/2"]
[Round "4"]
[TimeControl "180+2"]
[Date "2023.07.11"]
[WhiteClock "0:01:31"]
[BlackClock "0:01:20"]
[Board "12"]

1. Nf3 d5 2. e3 Nf6 3. b3 Bf5 4. Bb2 e6 5. c4 c6 6. Nc3 a6 7. d4 Nbd7 8. Bd3 Bxd3 9. Qxd3 Bb4 10. O-O O-O 11. Ne2 Qe7 12. a3 Bd6 13. Ng3 Bxg3 14. hxg3 Ne4 15. a4 Rfe8 16. Ba3 Qf6 17. a5 Qg6 18. Rfd1 Qf5 19. Rac1 Ndf6 20. Rc2 Ng4 21. Nh4 Qh5 22. Nf3 1/2-1/2


[Site "https://www.chess.com"]

[Event "Titled Tuesday Blitz July 11 Early 2023"]
[White "Tang, Andrew"]
[Black "Shuvalova, Polina"]
[WhiteFideId "2059630"]
[BlackFideId "24171760"]
[WhiteElo "2913"]
[BlackElo "2696"]
[Result "1-0"]
[Round "4"]
[TimeControl "180+2"]
[Date "2023.07.11"]
[WhiteClock "0:00:11"]
[BlackClock "0:00:00"]
[Board "13"]

1. d4 Nf6 2. c4 e6 3. Nc3 d5 4. cxd5 Nxd5 5. e4 Nxc3 6. bxc3 c5 7. Nf3 cxd4 8. cxd4 Bb4+ 9. Bd2 Bxd2+ 10. Qxd2 O-O 11. Rc1 b6 12. Bd3 Bb7 13. O-O Nd7 14. Qf4 Rc8 15. h4 h6 16. g4 Rxc1 17. Rxc1 Qb8 18. Qe3 Rc8 19. g5 hxg5 20. hxg5 Rxc1+ 21. Qxc1 Qd6 22. Kg2 Nf8 23. Ne5 f6 24. gxf6 gxf6 25. Nf3 Ng6 26. Kg1 Qf4 27. Qe3 Qg4+ 28. Kf1 Nf4 29. Ne1 Nxd3 30. Nxd3 Bxe4 31. Nf4 Qd1+ 32. Qe1 Qxe1+ 33. Kxe1 Kf7 34. Kd2 Ke7 35. a3 Kd6 36. Ne2 Bc6 37. Kc3 Bb5 38. Ng3 Kd5 39. Nh5 f5 40. Nf4+ Kd6 41. Ng6 Bc6 42. Ne5 Bd5 43. Nf7+ Ke7 44. Ne5 Kf6 45. Kd3 Kg5 46. Ke3 f4+ 47. Ke2 Kf5 48. Kd3 Be4+ 49. Kd2 Bd5 50. Kd3 Kg5 51. Nf7+ Kg4 52. Ne5+ Kh3 53. Ng6 Kg4 54. Ne5+ Kf5 55. Nf7 Bc6 56. Nd6+ Kf6 57. Nc8 Bb5+ 58. Ke4 a5 59. Nxb6 Kg5 60. Nc8 Bc6+ 61. Ke5 Bd5 62. Nb6 Bb3 63. Ke4 Kg4 64. Nd7 Bc2+ 65. Ke5 Bb3 66. Nc5 Bd5 67. Nxe6 Bxe6 68. Kxe6 Kf3 69. Ke5 Kxf2 70. Kxf4 1-0


[Site "https://www.chess.com"]

[Event "Titled Tuesday Blitz July 11 Early 2023"]
[White "Materia, Marco"]
[Black "Gholami Orimi, Mahdi"]
[WhiteFideId "45150451"]
[BlackFideId "12558486"]
[WhiteElo "2691"]
[BlackElo "2910"]
[Result "0-1"]
[Round "4"]
[TimeControl "180+2"]
[Date "2023.07.11"]
[WhiteClock "0:00:10"]
[BlackClock "0:00:06"]
[Board "14"]

1. d4 Nf6 2. c4 e6 3. Nf3 d5 4. Nc3 a6 5. cxd5 exd5 6. Bg5 c6 7. e3 Be6 8. Bd3 Nbd7 9. O-O Bd6 10. e4 dxe4 11. Nxe4 Be7 12. Ng3 O-O 13. Re1 Re8 14. Qc2 h6 15. Bd2 Nd5 16. a3 Nf8 17. Ne5 Qb6 18. Re4 Rad8 19. Nc4 Qa7 20. Rae1 Nf6 21. R4e2 Qxd4 22. Ne5 Ng4 23. Bc3 Qf4 24. Re4 Qg5 25. h4 Qxh4 26. Nf3 Qxg3 27. fxg3 Bc5+ 28. Kf1 Bb6 29. Bd4 Bc7 30. Be5 Nxe5 31. Nxe5 Bd5 32. R4e3 Re6 33. Bf5 Red6 34. Nf3 Rf6 35. Be4 Be6 36. Rd1 Rb8 37. Kg1 Bb6 38. Kf2 Re8 39. Re1 g5 40. g4 Bxg4 41. Kf1 Be6 42. Qc3 Nd7 43. Rd3 Kg7 44. Bxc6 bxc6 45. Rxe6 Rxe6 46. Rxd7 g4 47. Rb7 Be3 48. Rb4 gxf3 49. Rg4+ Kh8 50. Re4 fxg2+ 51. Kxg2 Bg5 52. Rxe6 fxe6 53. Qxc6 e5 54. Qe4 Bf4 55. b4 Kg7 56. a4 h5 57. b5 axb5 58. axb5 Rg6+ 59. Kf1 h4 60. Qb7+ Kh6 61. b6 h3 62. Qf3 h2 63. b7 Rg1+ 64. Ke2 Rb1 65. Qh3+ Kg5 66. Qh7 e4 67. Qg7+ Kh4 68. Qh7+ Kg4 69. Qg6+ Kh3 70. Qf5+ Kg3 71. Qg6+ Kh4 72. Qxe4 h1=Q 73. Qxf4+ Kh3 74. Qh6+ Kg2 75. Qc6+ Kh2 76. Qh6+ Kg1 77. Qg5+ Qg2+ 78. Qxg2+ Kxg2 79. Ke3 Rxb7 0-1


[Site "https://www.chess.com"]

[Event "Titled Tuesday Blitz July 11 Early 2023"]
[White "Zhigalko, Sergei"]
[Black "Suleymanli, Suleyman"]
[WhiteFideId "13502956"]
[BlackFideId "13416375"]
[WhiteElo "2895"]
[BlackElo "2677"]
[Result "0-1"]
[Round "4"]
[TimeControl "180+2"]
[Date "2023.07.11"]
[WhiteClock "0:00:01"]
[BlackClock "0:00:15"]
[Board "15"]

1. e4 e6 2. d4 d5 3. e5 c5 4. c3 Nc6 5. Nf3 Qb6 6. Bd3 cxd4 7. O-O Bd7 8. Re1 Nh6 9. c4 dxc4 10. Bxc4 Bc5 11. Nbd2 Ng4 12. Bd3 h5 13. a3 Ne3 14. Qe2 Nd5 15. Nc4 Qc7 16. Bg5 Be7 17. Rac1 f6 18. Bg6+ Kf8 19. Bd2 Be8 20. Qd3 Bf7 21. b4 b5 22. Na5 Nxe5 23. Nxe5 Qxe5 24. Rxe5 fxe5 25. Nc6 Bf6 26. Be4 a6 27. h3 Rc8 28. Na5 Rxc1+ 29. Bxc1 Nc3 30. Bd2 Nd5 31. Qc2 g5 32. Bxd5 exd5 33. Qc7 Kg7 34. Nc6 Re8 35. Qd6 e4 36. Bxg5 Bxg5 37. Nxd4 Bf6 38. Nf5+ Kg6 39. Ne3 d4 40. Nd5 Bxd5 41. Qxd5 d3 42. f3 Rd8 43. Qxe4+ Kg7 44. Qe1 d2 45. Qd1 Bc3 46. Kf2 Kf8 47. f4 Re8 48. Qxh5 Re1 49. Qc5+ Kf7 50. Qd5+ Kf6 51. Qd6+ Kf5 52. Qd5+ Kf6 53. Qc6+ Kf7 54. Qc7+ Ke8 55. Qc8+ Ke7 56. Qc7+ Ke6 57. Qc6+ Ke7 58. Qc7+ Kf8 59. Qd8+ Re8 60. Qd6+ Kf7 61. Qd5+ Ke7 62. Qc5+ Kd7 63. Qd5+ Kc7 64. Qc5+ Kb7 65. Qd5+ Kc7 66. Qc5+ Kd7 67. Qd5+ Ke7 68. Qc5+ Kf7 69. Qd5+ Kg7 70. g4 Re1 71. Qd7+ Kf8 72. Qd8+ Re8 73. Qd6+ Kf7 74. g5 Re1 75. Qd5+ Kg6 76. Qg8+ Kf5 77. Qf7+ Ke4 78. Qg6+ Kd4 79. Qd6+ Kc4 80. Qc6+ Kb3 81. Qd5+ Kc2 82. f5 d1=Q 83. Qxd1+ Kxd1 84. Kf3 Rf1+ 85. Kg4 Bd2 86. h4 Rf4+ 87. Kh5 Rxf5 88. Kg6 Rf1 89. Kg7 Rh1 90. g6 Rxh4 91. Kf6 Rg4 92. Kf5 Rg5+ 93. Kf6 Rg1 94. g7 Bc3+ 95. Kf7 Bxg7 96. Ke6 Bb2 97. Kd5 Bxa3 98. Kc6 Bxb4 99. Kb7 Rg6 0-1


[Site "https://www.chess.com"]

[Event "Titled Tuesday Blitz July 11 Early 2023"]
[White "Turski, Bartlomiej"]
[Black "Kantans, Toms"]
[WhiteFideId "21810567"]
[BlackFideId "11602945"]
[WhiteElo "2879"]
[BlackElo "2671"]
[Result "1-0"]
[Round "4"]
[TimeControl "180+2"]
[Date "2023.07.11"]
[WhiteClock "0:01:26"]
[BlackClock "0:00:00"]
[Board "16"]

1. e4 c5 2. Nf3 Nf6 3. e5 Nd5 4. d4 cxd4 5. c3 Nc6 6. cxd4 d6 7. Bc4 dxe5 8. Bb5 Qa5+ 9. Nc3 Nxc3 10. Bxc6+ bxc6 11. bxc3 Ba6 12. Bd2 exd4 13. cxd4 Qd5 14. Qb3 e6 15. Rc1 Bd6 16. Qxd5 cxd5 17. Rc6 Rb8 18. Rxa6 Rb1+ 19. Ke2 Rxh1 20. Rxd6 Rb1 21. Ne5 O-O 22. Rd7 a5 23. Ra7 Rc8 24. Rxa5 f6 25. Nd3 Rc4 26. Be3 Rc2+ 27. Kf3 Ra1 28. a4 Rc4 29. Nc5 e5 30. Ra8+ Kf7 31. Ra7+ Kg6 32. Ne6 1-0


[Site "https://www.chess.com"]

[Event "Titled Tuesday Blitz July 11 Early 2023"]
[White "Galchenko, Matvey"]
[Black "Perez Candelario, Manuel"]
[WhiteFideId "24175480"]
[BlackFideId "2210622"]
[WhiteElo "2869"]
[BlackElo "2664"]
[Result "1-0"]
[Round "4"]
[TimeControl "180+2"]
[Date "2023.07.11"]
[WhiteClock "0:00:22"]
[BlackClock "0:00:09"]
[Board "17"]

1. f4 d5 2. Nf3 Nf6 3. g3 e6 4. Bg2 Be7 5. O-O O-O 6. d3 b6 7. Nc3 Bb7 8. e4 dxe4 9. Ng5 Nbd7 10. dxe4 Ne5 11. Qxd8 Raxd8 12. fxe5 Bc5+ 13. Kh1 Ng4 14. h3 Nxe5 15. Bf4 Nc4 16. b3 Ne3 17. Bxe3 Bxe3 18. Nf3 Bc5 19. Rad1 Bb4 20. Nb5 Bxe4 21. Ne5 Rxd1 22. Rxd1 Bxc2 23. Rc1 Bg6 24. Rxc7 a6 25. Nc6 Be1 26. Ne7+ Kh8 27. Nxg6+ hxg6 28. Nd6 Bxg3 29. Rc6 b5 30. Rxa6 f5 31. Nxb5 Kh7 32. Rxe6 Rd8 33. Bf3 Rd2 34. Re2 Rd1+ 35. Kg2 f4 36. a4 Ra1 37. Nc3 Kh6 38. Ra2 Rc1 39. Ne2 Rb1 40. Nxg3 fxg3 41. Bd5 Kg5 42. a5 Kf4 43. a6 1-0


[Site "https://www.chess.com"]